 Dungeon Crawl Stone Soup version 0.24.0-13-gcf9b319 (webtiles) character file.

Game seed: 4944663844615081464, levelgen mode: deterministic

104350 Balder the Basher (level 15, -3/130 HPs)
             Began as a Demonspawn Berserker on May 12, 2020.
             Was an Elder of Trog.
             Slain by Aizul (14 damage)
             ... on level 1 of the Swamp on May 14, 2020.
             The game lasted 03:03:03 (32602 turns).

Balder the Basher (Demonspawn Berserker)           Turns: 32602, Time: 03:03:09

Health: -3/130     AC: 20    Str: 29    XL:     15   Next: 91%
Magic:  0/29       EV: 15    Int: 10    God:    Trog [****..]
Gold:   310        SH:  0    Dex: 22    Spells: 14/14 levels left

rFire    . . .     SeeInvis +   a - +7 falchion of the Other Side {flame, rC++ MR+ Str+4}
rCold    + + .     Gourm    .   (no shield)
rNeg     . . .     Faith    .   i - +5 plate armour
rPois    .         Spirit   +   (helmet unavailable)
rElec    .         Reflect  .   q - scarf {repulsion}
rCorr    .         Harm     .   (no gloves)
MR       ++++.                  V - +1 pair of boots
Stlth    ..........             t - amulet of the acrobat
HPRegen  2.31/turn              O - +5 ring of dexterity
MPRegen  0.42/turn              C - ring of magical power

@: mighty, regenerating, heavily drained, repel missiles
A: antennae 3, repulsion field 2, clever 1, powered by death 2, robust 1, magic
shield, magic regeneration
a: Berserk, Trog's Hand, Brothers in Arms, Renounce Religion


You were on level 1 of the Swamp.
You worshipped Trog.
Trog was greatly pleased with you.
You were not hungry.

You visited 5 branches of the dungeon, and saw 22 of its levels.
You also visited: Ossuary.

You collected 2409 gold pieces.
You spent 2099 gold pieces at shops.

Inventory:

Hand Weapons
 a - the +7 falchion of the Other Side (weapon) {flame, rC++ MR+ Str+4}
   (You found it on level 12 of the Dungeon)

   It has been specially enchanted to burn those struck by it, causing extra
   injury to most foes and up to half again as much damage against particularly
   susceptible opponents.
   Big, fiery blades are also staple armaments of hydra-hunters.
   It affects your strength (+4).
   It greatly protects you from cold.
   It affects your resistance to hostile enchantments.
 b - the +9 dire flail of Stickiness {flame, Str+10 Int+6 Dex-2 Stlth+}
   (Trog gifted it to you on level 5 of the Lair of Beasts)

   It has been specially enchanted to burn those struck by it, causing extra
   injury to most foes and up to half again as much damage against particularly
   susceptible opponents.
   It affects your strength (+10).
   It affects your intelligence (+6).
   It affects your dexterity (-2).
   It makes you more stealthy.
 m - a +4 demon whip of flaming
 n - a +4 antimagic flail
 r - a +3 demon blade of flaming
 K - a +5 great sword of draining
 N - a +3 flail of draining
Missiles
 d - 35 boomerangs (quivered)
 o - 18 javelins
 L - 6 curare-tipped darts
 Q - 5 silver javelins
Armour
 i - a +5 plate armour (worn)
 q - a scarf of repulsion (worn)
 R - the +3 shield of Leapfrog {*Drain +Blink rCorr Str+2}
   (You acquired it on level 2 of the Orcish Mines)

   It affects your strength (+2).
   It lets you blink.
   It provides partial protection from all sources of acid and corrosion.
   It causes draining when unequipped.
 S - a +0 shield
 V - a +1 pair of boots (worn)
Jewellery
 h - a +3 ring of protection
 t - an amulet of the acrobat (around neck)
 w - an uncursed ring of ice
 x - an uncursed amulet of faith
 C - a ring of magical power (right hand)
 E - an uncursed ring of resist corrosion
 G - an uncursed ring of poison resistance {unknown}
 O - a +5 ring of dexterity (left hand)
Wands
 f - a wand of polymorph (11)
 y - a wand of disintegration (6)
 A - a wand of paralysis (6)
 B - a wand of digging (6)
 D - a wand of flame (17)
 J - a wand of clouds (10)
 T - a wand of enslavement (7)
Scrolls
 e - 12 scrolls of teleportation
 g - 10 scrolls of remove curse
 j - a scroll of enchant armour
 l - 2 scrolls of fog
 u - a scroll of enchant weapon
 v - a scroll of holy word
 M - a scroll of magic mapping
 P - 2 scrolls of identify
 W - 2 scrolls of silence {unknown}
Potions
 k - 8 potions of curing
 p - 3 potions of lignification {unknown}
 s - 4 potions of resistance {unknown}
 z - 4 potions of haste {unknown}
 F - 2 potions of mutation {unknown}
 H - 4 potions of flight
 I - a potion of might
Miscellaneous
 U - a fan of gales
Comestibles
 c - 22 rations


   Skills:
 * Level 11.2(8.5) Fighting
 * Level 7.1(4.7) Long Blades
   Level 3.2(7.1) Axes
 * Level 13.8(11.1) Maces & Flails
 * Level 8.7(6.1) Throwing
 * Level 10.4(7.7) Armour
 * Level 8.2(5.6) Dodging
 * Level 8.6(6.1) Stealth
 * Level 4.2(1.9) Shields
 * Level 7.8(5.3) Evocations


You had 14 spell levels left.
You didn't know any spells.
Your spell library was empty.

Dungeon Overview and Level Annotations

Branches:
Dungeon (12/15)            Temple (0/1) D:4            Lair (6/6) D:10
  Swamp (1/4) Lair:2        Snake (0/4) Lair:4        Slime (0/5) Lair:6
    Orc (2/2) D:12            Elf (1/3) Orc:2       Ossuary (visited)

Altars:
Cheibriados
Elyvilon
Kikubaaqudgha
Ru
Trog
Uskayaw
Vehumet
Wu Jian
Xom
Yredelemnul
Zin
Beogh

Shops:
D:4 %%(   D:5 !   D:12 *   Orc:2 (:}*   Elf:1 *

Portals:
Trove: D:12 (give 6 scrolls of blinking)

Annotations:
D:3 1 runed translucent door, Sinoran's ghost, amateur FoFi
Lair:2 2 runed translucent doors, Rezxim's ghost, journeyman TrCK
Lair:3 exclusion: oklob plant
Swamp:1 Aizul


Innate Abilities, Weirdness & Mutations

You have a pair of large antennae on your head. (SInv)
You are surrounded by a moderate repulsion field. (EV +3)
You regenerate health from kills.
When hurt, damage is shared between your health and your magic reserves.
You regenerate magic rapidly.
Your mind is acute. (Int +2)
You are robust. (+10% HP)


Message History

The spriggan rider closely misses you. Aizul casts a spell at you.
The bolt of poison misses you.
You closely miss the tyrant leech.
You feel sick. The spiny frog closely misses you. Aizul casts a spell at you.
The poison arrow misses you. The tyrant leech bites you!!
* * * LOW HITPOINT WARNING * * *
The tyrant leech draws strength from your injuries!
The spriggan rider barely misses you. The tyrant leech barely misses you.
The spiny frog stings you!
* * * LOW HITPOINT WARNING * * *
You feel better. Aizul hits you but does no damage.
The spriggan rider hits you but does no damage.
The tyrant leech bites you!!
* * * LOW HITPOINT WARNING * * *
The tyrant leech draws strength from your injuries!
The spiny frog stings you but does no damage.
Aizul hits you!
You die...

≈≈≈..≈♣ ≈≈≈...♣ ♣♣♣♣
≈≈≈≈≈.. ♣♣♣♣♣..♣
♣♣.≈≈≈≈≈≈
♣♣.....≈♣♣♣♣♣♣♣♣≈≈≈≈≈≈.
♣≈≈≈≈........♣.≈.≈≈.♣
≈.≈≈≈≈≈...§....JJ..♣♣
..≈≈≈≈≈≈≈≈≈≈...wwF≈[♣
≈≈§≈≈≈≈≈≈≈≈≈..iS@≈≈≈♣
≈.≈...≈≈≈≈..≈≈J♣♣≈≈≈♣
..♣≈..≈≈≈§..§.≈♣ ♣♣♣♣
≈.≈♣≈.†≈≈.≈≈♣♣♣♣
≈.♣♣♣.≈≈≈...♣ ♣♣♣
♣.≈≈≈≈≈{♣ {{ .♣♣
♣.≈.♣♣♣♣{≈ ≈.♣ ♣♣♣♣♣ .≈
.≈♣ ≈


You could see Aizul, 2 tyrant leeches, 3 slime creatures, a spriggan rider and a
spiny frog.

Vanquished Creatures
  Gastronok (D:11)
  2 orc warlords (Orc:2)
  A stone giant (Orc:2)
  A deep elf annihilator (Elf:1)
  Snorg (Lair:4)
  A fire dragon (Lair:6)
  Josephine (Orc:2)
  An ice dragon (Orc:2)
  6 hydras
  Fannar (Orc:1)
  Erica (D:9)
  A centaur warrior (D:10)
  2 ogre magi
  6 two-headed ogres
  7 dancing weapons (Elf:1)
  3 death yaks (Lair:2)
  4 orc high priests (Orc:2)
  Urug (Orc:1)
  Sonja (D:10)
  6 deep elf knights (Elf:1)
  8 hell knights (D:11)
  3 unseen horrors
  3 lindwurms (Lair:6)
  A deep elf archer (Elf:1)
  24 deep elf magi (Elf:1)
  An orb spider (D:10)
  5 orc knights (Orc:2)
  A cyclops (D:11)
  4 orc sorcerers (Orc:2)
  Joseph (D:7)
  12 elephants
  6 black mambas
  A black mamba (shapeshifter) (D:11)
  2 torpor snails
  12 spiny frogs
  2 molten gargoyles (Lair:6)
  An efreet (D:11)
  11 komodo dragons
  A polar bear (Lair:6)
  5 trolls
  3 slime creatures (Swamp:1)
  14 blink frogs
  2 hippogriffs
  3 bog bodies
  3 hornets
  4 dream sheep (Lair:5)
  A water elemental (Elf:1)
  2 spriggans (Swamp:1)
  An air elemental (Elf:1)
  2 centaur simulacra (D:11)
  4 wraiths
  46 yaks
  4 wyverns
  A fire elemental (Elf:1)
  2 hungry ghosts
  3 steam dragons
  7 basilisks
  5 vampire mosquitoes
  6 wargs
  Edmund (D:5)
  22 water moccasins
  An acid dragon (D:11)
  7 porcupines
  11 hell hounds
  A swamp drake (Swamp:1)
  A phantom (D:10)
  3 ice beasts
  47 orc warriors
  5 sky beasts
  4 black bears
  25 ogres
  3 centaurs
  4 wolves
  9 crocodiles
  2 big kobolds
  A gnoll sergeant (D:8)
  6 bullfrogs
  3 scorpions
  A water moccasin skeleton (D:7)
  6 killer bees
  5 lava snakes (Lair:6)
  A bullfrog zombie (D:10)
  6 crimson imps
  A quasit (D:6)
  6 centaur zombies
  A centaur skeleton (D:6)
  11 hounds
  2 jellies
  30 orc priests
  2 bullfrog skeletons (D:5)
  Jessica (D:2)
  2 iguanas
  20 orc wizards
  8 worker ants
  3 big kobold zombies (Ossuary)
  2 hound skeletons
  5 mummies (Ossuary)
  18 gnolls
  20 adders
  A hound simulacrum (D:11)
  4 shadow imps
  An ooze (D:4)
  3 adder zombies
  3 adder skeletons
  3 worms
  4 dart slugs
  6 leopard geckos
  99 orcs
  A ball python (Lair:4)
  7 giant cockroaches
  6 goblins
  10 hobgoblins
  11 jackals
  6 quokkas
  11 bats
  4 frilled lizards
  A hobgoblin zombie (Ossuary)
  15 kobolds
  A quokka zombie (D:8)
  11 rats
780 creatures vanquished.

Vanquished Creatures (others)
  A vampire mosquito (Swamp:1)
  A human (D:5)
  9 fungi
  4 plants (Lair:5)
15 creatures vanquished.

Grand Total: 795 creatures vanquished

Notes
Turn   | Place    | Note
-------+----------+-------------------------------------------
     0 | D:1      | Balder the Demonspawn Berserker began the quest for the
                  | Orb.
     0 | D:1      | Reached XP level 1. HP: 18/18 MP: 1/1
   587 | D:1      | Reached skill level 3 in Maces & Flails
   587 | D:1      | Gained mutation: You are surrounded by a mild repulsion
                  | field. (EV +2) [demonic ancestry]
   587 | D:1      | Reached XP level 2. HP: 24/24 MP: 2/2
  1190 | D:2      | Noticed Jessica
  1195 | D:2      | Gained mutation: When hurt, damage is shared between your
                  | health and your magic reserves. [demonic ancestry]
  1195 | D:2      | Reached XP level 3. HP: 17/29 MP: 3/3
  1200 | D:2      | Killed Jessica
  1202 | D:2      | Gained mutation: You regenerate a little health from kills.
                  | [demonic ancestry]
  1202 | D:2      | Reached XP level 4. HP: 12/35 MP: 2/4
  1573 | D:2      | Reached skill level 1 in Stealth
  1701 | D:2      | Reached skill level 1 in Throwing
  1715 | D:2      | Reached ** piety under Trog
  2108 | D:2      | Gained mutation: You are surrounded by a moderate repulsion
                  | field. (EV +3) [demonic ancestry]
  2108 | D:2      | Reached XP level 5. HP: 42/42 MP: 5/5
  2639 | D:3      | Noticed an orc warrior
  2663 | D:3      | Killed an orc warrior
  2663 | D:3      | Reached skill level 4 in Maces & Flails
  2668 | D:3      | Gained mutation: You have a pair of small antennae on your
                  | head. [demonic ancestry]
  2668 | D:3      | Reached XP level 6. HP: 24/48 MP: 1/6
  2790 | D:3      | Found a bloodstained altar of Trog.
  2790 | D:3      | Found a sacrificial altar of Ru.
  3568 | D:3      | Found a runed translucent door.
  3574 | D:3      | Noticed Sinoran's ghost (amateur FoFi)
  3813 | D:4      | Found Lorutz's Food Boutique.
  3894 | D:4      | Found Paannab's Food Shoppe.
  3932 | D:4      | Reached *** piety under Trog
  3940 | D:4      | Found a staircase to the Ecumenical Temple.
  3954 | D:4      | Found Xoynec's Antique Weapon Emporium.
  3960 | D:4      | Bought a glowing flail for 175 gold pieces
  3964 | D:4      | Found Refomiho's Jewellery Emporium.
  4242 | D:4      | Reached skill level 5 in Maces & Flails
  4242 | D:4      | Gained mutation: You have a pair of antennae on your head.
                  | [demonic ancestry]
  4242 | D:4      | Reached XP level 7. HP: 53/54 MP: 7/7
  4564 | D:5      | Entered Level 5 of the Dungeon
  4564 | D:5      | Found Ydaefic's Distillery.
  4659 | D:5      | Found an ancient bone altar of Kikubaaqudgha.
  4660 | D:5      | Noticed a human
  4662 | D:5      | Killed a human
  4992 | D:5      | Reached skill level 6 in Maces & Flails
  5349 | D:5      | Reached **** piety under Trog
  5448 | D:5      | Gained mutation: You regenerate magic rapidly. [demonic
                  | ancestry]
  5448 | D:5      | Reached XP level 8. HP: 60/61 MP: 8/8
  5564 | D:5      | Noticed Edmund
  5585 | D:5      | Killed Edmund
  6556 | D:6      | Reached skill level 5 in Fighting
  7058 | D:6      | Reached skill level 7 in Maces & Flails
  7362 | D:6      | Gained mutation: You regenerate health from kills. [demonic
                  | ancestry]
  7362 | D:6      | Reached XP level 9. HP: 60/68 MP: 9/9
  7711 | D:7      | Reached skill level 1 in Evocations
  7936 | D:7      | Found a sand-covered staircase.
  7943 | Ossuary  | Entered an ossuary
  8226 | D:7      | Found a radiant altar of Vehumet.
  8267 | D:7      | Noticed Joseph
  8311 | D:7      | Killed Joseph
  8311 | D:7      | Reached skill level 8 in Maces & Flails
  8540 | D:7      | Received a gift from Trog
  8540 | D:7      | Reached skill level 5 in Armour
  8922 | D:7      | Found an ornate altar of the Wu Jian Council.
  8924 | D:7      | Found a shimmering altar of Xom.
  8926 | D:7      | Found an ancient bone altar of Kikubaaqudgha.
  8926 | D:7      | Found a hide-covered altar of Uskayaw.
  8926 | D:7      | Found a snail-covered altar of Cheibriados.
  8928 | D:7      | Found a glowing silver altar of Zin.
  9039 | D:8      | Received a gift from Trog
  9165 | D:8      | Found a shimmering altar of Xom.
  9431 | D:8      | Reached XP level 10. HP: 76/76 MP: 11/11
  9962 | D:9      | Received a gift from Trog
 10005 | D:9      | Reached skill level 9 in Maces & Flails
 10258 | D:9      | Reached ***** piety under Trog
 10658 | D:9      | Noticed Erica
 10683 | D:9      | Killed Erica
 10683 | D:9      | Reached skill level 10 in Maces & Flails
 10981 | D:9      | Found a basalt altar of Yredelemnul.
 11037 | D:9      | Found a white marble altar of Elyvilon.
 11121 | D:10     | Entered Level 10 of the Dungeon
 11214 | D:10     | Reached skill level 5 in Stealth
 11214 | D:10     | Reached XP level 11. HP: 84/84 MP: 13/13
 11223 | D:10     | Killed an unseen horror
 11263 | D:10     | Reached skill level 1 in Long Blades
 11263 | D:10     | Reached skill level 5 in Dodging
 11406 | D:10     | Noticed Sonja
 11419 | D:10     | Killed Sonja
 11544 | D:10     | Noticed an ogre mage
 11545 | D:10     | Noticed a centaur warrior
 11590 | D:10     | Killed a centaur warrior
 11609 | D:10     | Killed an ogre mage
 11697 | D:10     | Got a slimy rapier
 11699 | D:10     | Identified the +3 rapier "Lorem Ipsum" {distort, rF++ MR-
                  | SInv} (You found it on level 10 of the Dungeon)
 11788 | D:10     | Gained mutation: Your mind is acute. (Int +2) [mutagenic
                  | glow]
 11821 | D:10     | Killed an unseen horror
 11822 | D:10     | Gained mutation: You are robust. (+10% HP) [mutagenic glow]
 11859 | D:10     | Found a staircase to the Lair.
 11917 | D:10     | Received a gift from Trog
 12009 | D:10     | Reached skill level 11 in Maces & Flails
 12141 | D:10     | Noticed Maurice
 12653 | D:10     | Noticed Maurice
 12653 | D:10     | Maurice changed into Maurice the orb spider
 12687 | D:10     | Killed Maurice the orb spider
 12806 | Lair:1   | Entered Level 1 of the Lair of Beasts
 12875 | Lair:1   | Reached skill level 5 in Throwing
 13653 | Lair:1   | Reached XP level 12. HP: 71/101 MP: 15/15
 14080 | Lair:1   | Reached skill level 1 in Axes
 14560 | Lair:2   | Noticed a death yak
 14560 | Lair:2   | Noticed a death yak
 14561 | Lair:2   | Noticed a death yak
 14593 | Lair:2   | Killed a death yak
 14597 | Lair:2   | Killed a death yak
 14602 | Lair:2   | Killed a death yak
 14675 | Lair:2   | Found a large runed translucent door.
 14675 | Lair:2   | Found a large runed translucent door.
 14678 | Lair:2   | Noticed Rezxim's ghost (journeyman TrCK)
 15084 | Lair:2   | Reached skill level 5 in Evocations
 15316 | Lair:2   | Found a staircase to the Swamp.
 17504 | Lair:4   | Noticed Snorg
 17550 | Lair:4   | Killed Snorg
 17550 | Lair:4   | Received a gift from Trog
 17823 | Lair:4   | Reached XP level 13. HP: 110/110 MP: 8/17
 18510 | Lair:4   | Found a staircase to the Snake Pit.
 19397 | Lair:5   | Reached skill level 12 in Maces & Flails
 20101 | Lair:5   | Received a gift from Trog
 20106 | Lair:5   | Got a bloodstained dire flail {god gift}
 20116 | Lair:5   | Identified the +9 dire flail of Stickiness {flame, Str+10
                  | Int+6 Dex-2 Stlth+} (Trog gifted it to you on level 5 of
                  | the Lair of Beasts)
 20595 | Lair:6   | Entered Level 6 of the Lair of Beasts
 21470 | Lair:6   | Got a heavily runed chain mail
 21481 | Lair:6   | Identified the +1 chain mail of the Ward {+Blink rF- rC+
                  | Stlth+} (You found it on level 6 of the Lair of Beasts)
 21658 | Lair:6   | Found a staircase to the Slime Pits.
 21856 | Lair:6   | Reached XP level 14. HP: 115/119 MP: 18/18
 21881 | Lair:6   | Received a gift from Trog
 21956 | Lair:6   | Reached skill level 10 in Fighting
 22027 | Lair:6   | Found a large runed translucent door.
 22028 | Lair:6   | Found a large runed translucent door.
 22042 | Lair:6   | Reached skill level 5 in Long Blades
 22871 | D:11     | Reached skill level 13 in Maces & Flails
 23265 | D:11     | Noticed Gastronok
 23277 | D:11     | Killed Gastronok
 24515 | D:11     | Received a gift from Trog
 24819 | D:12     | Found a portal to a secret trove of treasure.
 25057 | D:12     | Found a staircase to the Orcish Mines.
 25075 | D:12     | Got a blackened falchion
 25077 | D:12     | Identified the +7 falchion of the Other Side {flame, rC++
                  | MR+ Str+4} (You found it on level 12 of the Dungeon)
 25128 | D:12     | Found a roughly hewn altar of Beogh.
 25207 | Orc:1    | Entered Level 1 of the Orcish Mines
 25482 | Orc:2    | Entered Level 2 of the Orcish Mines
 25507 | Orc:1    | Received a gift from Trog
 25831 | Orc:2    | Noticed a stone giant
 25842 | Orc:2    | Killed a stone giant
 26173 | Orc:2    | Reached skill level 1 in Shields
 26181 | Orc:2    | Received a gift from Trog
 26213 | Orc:2    | Found a staircase to the Elven Halls.
 26665 | Orc:2    | Found Pel Henwu's Book Shoppe.
 26678 | Orc:2    | Received a gift from Trog
 26731 | Orc:2    | Noticed an orc warlord
 26754 | Orc:2    | Killed an orc warlord
 26754 | Orc:2    | Gained mutation: You have a pair of large antennae on your
                  | head. (SInv) [demonic ancestry]
 26754 | Orc:2    | Reached XP level 15. HP: 74/128 MP: 15/20
 26852 | Orc:2    | Found a roughly hewn altar of Beogh.
 26867 | Orc:2    | Found Zirom's Antique Weapon Boutique.
 27246 | Orc:2    | Found a roughly hewn altar of Beogh.
 27547 | Orc:2    | Found Otsaon's General Store.
 27584 | Orc:2    | Found Dolip's Gadget Shop.
 27613 | Orc:2    | Bought a wand of clouds (8) for 468 gold pieces
 27628 | Orc:2    | Noticed an orc warlord
 27638 | Orc:2    | Received a gift from Trog
 27648 | Orc:2    | Killed an orc warlord
 28136 | Orc:2    | Bought a scroll of acquirement for 728 gold pieces
 28141 | Orc:2    | Got a dazzling shield
 28149 | Orc:2    | Identified the +3 shield of Leapfrog {*Drain +Blink rCorr
                  | Str+2} (You acquired it on level 2 of the Orcish Mines)
 28361 | Elf:1    | Entered Level 1 of the Elven Halls
 28558 | Elf:1    | Reached skill level 10 in Armour
 28756 | Elf:1    | Found Riwenip's General Store.
 29948 | Elf:1    | Received a gift from Trog
 30618 | Orc:1    | Noticed Josephine
 30657 | Orc:2    | Killed Josephine
 31470 | Orc:1    | Noticed Fannar
 31472 | Orc:1    | Noticed Urug
 31502 | Orc:1    | Killed Urug
 31502 | Orc:1    | Received a gift from Trog
 31505 | Orc:1    | Killed Fannar
 31963 | D:12     | Found Oturgheni's General Store.
 32002 | D:12     | Bought a scroll of acquirement for 728 gold pieces
 32222 | Swamp:1  | Entered Level 1 of the Swamp
 32233 | Swamp:1  | Paralysed by a hornet for 2 turns
 32584 | Swamp:1  | Noticed Aizul
 32602 | Swamp:1  | Slain by Aizul

Levels and vault maps discovered:
D:1:      tarquinn_simple_flora_water_f, layout_basic, nrook_mini_vaults,
          chequers_serial_rivers_micro_d
D:2:      layout_loops_ring, uniq_jessica
D:3:      layout_loops_corners, chequers_temple_overflow_statue_of_worship,
          ebering_ghost_reflecting_pool, first_ration, minmay_quadrilaterals
D:4:      layout_loops_ring, minmay_temple_entry_crystal_x, serial_shops,
          kennysheep_mini_moat, shop, shop, shop, minmay_cut_off
D:5:      layout_layer_cave, serial_shops, shop_coins, tgw_kikubaaqudgha,
          uniq_edmund
D:6:      layout_loops_corners
D:7:      layout_rooms, kennysheep_mini, minitemple, enter_bailey_2,
          enter_ossuary_5, grunt_ogre_cave, uniq_joseph
D:8:      layout_rooms, basic_altar
D:9:      layout_basic, kennysheep_ying_yang, uniq_erica
D:10:     minmay_bloctagon_deflated, layout_long_grid,
          erik_lair_orcish_takeover, st_stairs_11, grunt_potential,
          uniq_maurice, uniq_sonja
D:11:     layout_roguey, serial_ice, serial_ice_l, serial_ice_n, serial_ice_d,
          serial_ice_e, serial_ice_h, serial_ice_o, minmay_rotating_lava,
          uniq_gastronok
D:12:     layout_long_grid, minmay_orc_entry_temple_small, enter_trove_3,
          serial_shops, shop_statue
Lair:1:   layout_regular_city, grunt_megastairs_5
Lair:2:   layout_gridlike, skrybe_swamp_entry_bodies,
          ebering_ghost_disaster_area
Lair:3:   layout_chaotic_city, grunt_megastairs_2, minmay_lair_oklob_chamber,
          lemuel_fruit_fields
Lair:4:   layout_roguey, minmay_snake_entry_six_corridors,
          chequers_serial_rivers_small_a, minivault_24, serial_bayou_shore_a,
          uniq_snorg
Lair:5:   layout_cave_pods, minmay_lindwurm_lava, serial_bayou_shore_b
Lair:6:   cheibrodos_lair_end_hotspot, layout_layer_cave,
          dpeg_slime_entry_corner, serial_bayou_shore_b
Swamp:1:  layout_basic_swamp, evilmike_swamp_ruin_rubble_1, uniq_louise,
          uniq_aizul
Orc:1:    layout_caves, mines4_lemuel, uniq_josephine, uniq_urug, uniq_fannar
Orc:2:    pubby_orc_utopia
Elf:1:    eino_elf_arrival_shootout, layout_loops_corners, serial_shops, shop,
          hangedman_elven_crosses_minicolossus, nicolae_elf_big_sculpture_1,
          grunt_ministairs_4

Skill      XL: |  1  2  3  4  5  6  7  8  9 10 11 12 13 14 15 |
---------------+----------------------------------------------+-----
Maces & Flails | 3 4 5 6 7 8 10 11 12 13 | 13.8
Armour         | 2 3 4 5 6 8 9 10 | 10.4
Dodging        | 2 3 4 5 6 7 8 |  8.2
Stealth        | 1 2 3 4 5 6 7 8 |  8.6
Throwing       | 1 2 3 4 5 6 8 |  8.7
Fighting       | 4 5 6 7 8 9 10 11 | 11.2
Evocations     | 2 3 4 5 6 7 |  7.8
Long Blades    | 2 3 4 5 7 |  7.1
Axes           | 3 |  3.2
Shields        | 1 4 |  4.2

Action                   |  1- 3 |  4- 6 |  7- 9 | 10-12 | 13-15 || total
-------------------------+-------+-------+-------+-------+-------++-------
Melee: Mace              |    56 |   302 |   636 |   423 |       ||  1417
       Morningstar       |       |    29 |    71 |   120 |       ||   220
       Flail             |       |       |   157 |   407 |    79 ||   643
       Broad axe         |       |       |       |   140 |       ||   140
       Dire flail        |       |       |       |    53 |   864 ||   917
       Scimitar          |       |       |       |       |    17 ||    17
       Demon whip        |       |       |       |       |   225 ||   225
       Falchion          |       |       |       |       |   372 ||   372
       Demon blade       |       |       |       |       |     3 ||     3
Throw: Dart              |       |       |    43 |     7 |       ||    50
       Throwing net      |       |       |     1 |     5 |       ||     6
       Boomerang         |       |       |       |    30 |   283 ||   313
Invok: Trog's Hand       |       |     1 |    10 |     9 |    13 ||    33
       Berserk           |       |     1 |       |       |       ||     1
Evoke: Wand              |       |       |       |     4 |     7 ||    11
  Use: Potion            |     1 |     1 |     1 |     7 |     9 ||    19
       Scroll            |       |     3 |     1 |    27 |    17 ||    48
 Stab: Sleeping          |     1 |       |       |       |       ||     1
       Held in net/web   |       |       |       |     6 |       ||     6
       Confused          |       |       |       |       |     2 ||     2
  Eat: Chunk             |     1 |     8 |    15 |    16 |    30 ||    70
       Ration            |       |     1 |     2 |     6 |     7 ||    16
Armor: Plate armour      |    34 |   253 |   632 |   684 |   677 ||  2280
       Animal skin       |     1 |       |       |       |       ||     1
Dodge: Dodged            |    29 |   151 |   486 |   600 |   927 ||  2193
       Deflected         |       |     1 |    17 |    17 |    17 ||    52
Block: Shield            |       |       |       |       |   222 ||   222
       Rpst.: Scimitar   |       |       |       |       |     4 ||     4
       Falchion          |       |       |       |       |    63 ||    63
